 Dungeon Crawl Stone Soup version 0.14-a0-1844-g8283a67 (webtiles) character file.

176 MirrMurr the Sneak (level 4, -1/21 HPs)
             Began as a Spriggan Enchanter on Jan 11, 2014.
             Killed by divine providence
             ... invoked by an orc priest
              (14 damage)
             ... on Level 2 of the Dungeon.
             The game lasted 00:07:03 (2834 turns).

MirrMurr the Sneak (Spriggan Enchanter)             Turns: 2834, Time: 00:07:04

HP  -1/21        AC  4     Str  5      XL: 4   Next: 33%
MP   1/12        EV 18     Int 16      God:
Gold 85          SH  0     Dex 16      Spells:  3 memorised,  2 levels left

rFire  . . .     SeeInvis +     a - +1 dagger
rCold  . . .     Clarity  .     b - +1 robe
rNeg   . . .     Conserve .     (shield restricted)
rPois  .         rCorr    .     (helmet restricted)
rElec  .         rRot     .     q - +0 cloak
SustAb . .       Spirit   .     (gloves unavailable)
rMut   .         Warding  .     (boots unavailable)
Saprov . . .     Stasis   .     (no amulet)
                                (no ring)
                                (no ring)

@: very slightly contaminated, very quick, slightly resistant to hostile
enchantments, very stealthy
A: unfitting armour, see invisible, herbivore 3, speed 3, slow metabolism 2
a: no special abilities


You were on level 2 of the Dungeon.
You were hungry.

You visited 1 branch of the dungeon, and saw 2 of its levels.

You collected 85 gold pieces.

Inventory:

Hand weapons
 a - a +1,+1 dagger (weapon)
 l - a +0,+1 short sword of freezing
Missiles
 d - 10 darts (quivered)
Armour
 b - a +1 robe (worn)
 q - a +0 cloak (worn)
Comestibles
 m - 2 bread rations
 r - an apricot
 s - a pear
Scrolls
 g - a scroll of teleportation {unknown}
 h - a scroll of amnesia {unknown}
 i - a scroll of noise {unknown}
 j - 2 scrolls of identify {unknown}
 k - a scroll of fog {unknown}
 o - 2 scrolls of magic mapping {unknown}
 p - 3 scrolls of remove curse {unknown}
 v - a scroll of curse weapon {unknown}
Jewellery
 u - an uncursed ring of flight {unknown}
Potions
 e - a potion of porridge
 n - a potion of heal wounds {unknown}
 t - a potion of resistance {unknown}
Books
 c - a book of Maledictions

   Spells                             Type                      Level
   *Corona                            Hexes                        1
   Sure Blade                         Hexes/Charms                 2
   *Ensorcelled Hibernation           Hexes/Ice                    2
   *Confuse                           Hexes                        3
   Enslavement                        Hexes                        4
   Invisibility                       Hexes                        6


   Skills:
 + Level 2.3 Short Blades
 - Level 1.1 Throwing
 - Level 3.0 Dodging
 + Level 6.5 Stealth
 - Level 2.6 Spellcasting
 - Level 3.6 Hexes


You had 2 spell levels left.
You knew the following spells:

 Your Spells              Type           Power        Failure   Level  Hunger
a - Ensorcelled Hibernat  Hex/Ice        #.....       17%         2    ##.....
b - Confuse               Hex            ##......     14%         3    ###....
Z - Corona                Hex            ##.....      6%          1    #......


Dungeon Overview and Level Annotations

Branches:
Dungeon (2/16)

Altars:


Innate Abilities, Weirdness & Mutations

You are tiny and cannot use many weapons and most armour.
You have supernaturally acute eyesight.
You are a herbivore.
You cover ground extremely quickly.
You need consume almost no food.


Message History

The orc priest hits you with an orcish morningstar.
* * * LOW HITPOINT WARNING * * *
Casting: Ensorcelled Hibernation
Confirm with . or Enter, or press ? or * to list all spells.
You don't have enough magic to cast that spell.
Unknown command.
Drink which item? (? for menu, Esc to quit)
You feel better.
It was a potion of curing.
The orc priest misses you.
You hit the orc priest.
The orc priest is moderately wounded.
You hit the orc priest but do no damage.
The orc priest is moderately wounded.
The orc priest mumbles some strange prayers to Beogh against you.
You struggle to resist.
You closely miss the orc priest.
The orc priest is lightly wounded.
The orc priest calls down the wrath of Beogh upon you.
Something smites you!
Ouch! That really hurt!
You die...

....##........#.............# #.
....##.....####^............# #.
....##.........#####........####'
....##.............%...[....##...
....##......................##...
....##......###......#########...
##..........+ +......'.......#...
#.#####....###..o...#######.###'
##.#####........@......#...#.###.
.......(.................>.......
##.#.(..........#.####.#.#.#.####
...#.##########.#.#......#.#.#
####.# #...##.#.#.#...<#.#.# #.#
#.#.##.#.#.##.......# #.#
#.#......#........### #%#
#.####)######.#.....# #.# #.#
#........#...#.#


You could see an orc priest.

Vanquished Creatures
  An orc priest (D:2)
  An adder (D:2)
  A worm (D:2)
  2 giant geckos (D:2)
  An ooze (D:2)
  A ball python (D:2)
  3 giant cockroaches (D:2)
  6 goblins
  3 hobgoblins
  10 kobolds
  3 bats (D:2)
  6 giant newts
  5 rats
43 creatures vanquished.

Notes
Turn   | Place    | Note
--------------------------------------------------------------
     0 | D:1      | MirrMurr, the Spriggan Enchanter, began the quest for the Orb.
     0 | D:1      | Reached XP level 1. HP: 9/9 MP: 4/4
   773 | D:1      | Reached skill level 4 in Stealth
   880 | D:1      | Reached XP level 2. HP: 11/13 MP: 7/7
   884 | D:1      | Learned a level 2 spell: Ensorcelled Hibernation
  1541 | D:2      | Reached skill level 5 in Stealth
  1675 | D:2      | Reached XP level 3. HP: 4/16 MP: 6/9
  1680 | D:2      | Learned a level 3 spell: Confuse
  2422 | D:2      | Reached skill level 6 in Stealth
  2514 | D:2      | Reached XP level 4. HP: 5/21 MP: 4/12
  2834 | D:2      | Killed from afar by an orc priest

Action                   |  1- 3 |  4- 6 || total
-------------------------+-------+-------++-------
Melee: Dagger            |   159 |     9 ||   168
Throw: Dart              |    13 |       ||    13
 Cast: Corona            |     4 |       ||     4
       Ensorcelled Hiber |     7 |     3 ||    10
  Use: Potion            |       |     1 ||     1
 Stab: Sleeping          |     8 |     1 ||     9
       Distracted        |     2 |     1 ||     3
